 Seeded DCSS version 0.29.1-13-g9f3cf754e1 (webtiles) character file.

Game seed: 16245865983455551772 (custom seed)

1 OTABOTABOTAB the Gusty (level 1, -2/10 HPs)
             Began as a Tengu Air Elementalist on Jan 24, 2023.
             Slain by a quokka (5 damage)
             ... on level 1 of the Dungeon.
             The game lasted 00:00:23 (48 turns).

OTABOTABOTAB the Gusty (Tengu Air Elementalist)       Turns: 48, Time: 00:00:23

Health: -2/10      AC:  2    Str:  8    XL:     1   Next: 20%
Magic:  0/4        EV: 12    Int: 15    God:
Gold:   0          SH:  0    Dex: 14    Spells: 3/4 levels left

rFire   . . .      SeeInvis .   (no weapon)
rCold   . . .      Faith    .   (no shield)
rNeg    . . .      Spirit   .   a - +0 robe
rPois   .          Reflect  .   (helmet restricted)
rElec   .          Harm     .   (no cloak)
rCorr   .          Rampage  .   (no gloves)
Will    .....                   (boots unavailable)
Stlth   ++........              (no amulet)
HPRegen 0.03/turn               (no ring)
MPRegen 0.09/turn               (no ring)

@: no status effects
A: beak, talons 3
a: no special abilities


You were on level 1 of the Dungeon.
You visited 1 branch of the dungeon, and saw 1 of its levels.

Inventory:

Hand Weapons
 b - a +0 sling
   (You found it on level 1 of the Dungeon)
 c - a +0 dagger
   (You found it on level 1 of the Dungeon)
Armour
 a - a +0 robe (worn)
Potions
 M - a potion of magic


   Skills:
 - Level 2.1 Dodging
 - Level 2.0 Stealth
 * Level 2.0 Spellcasting
 + Level 1.4 Conjurations
 + Level 4.0 Air Magic


You had 3 spell levels left.
You knew the following spells:

 Your Spells              Type           Power      Damage    Failure   Level
a - Shock                 Conj/Air       36%        1d5       7%          1

Your spell library contained the following spells:

 Spells                   Type           Power      Damage    Failure   Level
 Static Discharge         Conj/Air       9%         3-5/arc   11%         2
 Swiftness                Air            13%        N/A       13%         3
 Airstrike                Air            6%         2d(1-17)  38%         4


Dungeon Overview and Level Annotations

Branches:
Dungeon (1/15)

Altars:


Innate Abilities, Weirdness & Mutations

You have a beak for a mouth.
You have claws for feet.


Message History

Bad channel name for runrest: 'Jiyva says: Divide and consume' Welcome, OTABOTABOTAB the Tengu Air Elementalist.
Game seed: 16245865983455551772 (custom seed)
Found a sling.
Found a staircase leading out of the dungeon.
b - a +0 sling
Found an escape hatch in the floor.
Found an escape hatch in the floor.
No target in view!
c - a +0 dagger A goblin comes into view.
It is wielding a +0 dagger.
The goblin shouts!
A quokka comes into view.
You miscast Shock.
You are very lightly contaminated with residual magic.
Nothing appears to happen.
You now have 3/4 mp.
The zap misses the goblin.
You now have 2/4 mp.
The zap hits the goblin.
You now have 1/4 mp.
The zap hits the goblin.
You kill the goblin!
You now have 0/4 mp.
Your magical contamination has completely faded away.
The quokka attacks as you move away! The quokka bites you.
Ouch! That really hurt!
You take 5 damage, and have 5/10 hp.
MASSIVE DAMAGE!!
Aim: a quokka (56% to hit)
The zap hits the quokka.
The quokka barely misses you.
You now have 0/4 mp.
The quokka bites you.
* * * LOW HITPOINT WARNING * * *
You take 2 damage, and have 3/10 hp.
Unknown command.
The quokka attacks as you move away! The quokka bites you.
Ouch! That really hurt!
You die...

.........# #.... ##.##
##### ##### #####
####..# #...# #...#
#...# #....## #.♣.#
#...# #.>.# #....#
#...###...###...###....#
#......................#
#.<......@r............#
#......................#
#...###...###...###....#
#.♣.# #...# #.>.# #....#
#...# #...# #...# #....#
##### ##### ##### ######


You could see a quokka.

Vanquished Creatures
  A goblin (D:1)
1 creature vanquished.

Notes
Turn   | Place    | Note
-------+----------+-------------------------------------------
     0 | D:1      | OTABOTABOTAB the Tengu Air Elementalist began the quest for
                  | the Orb.
     0 | D:1      | Reached XP level 1. HP: 10/10 MP: 4/4
    48 | D:1      | Slain by a quokka

Illustrated notes

Levels and vault maps discovered:
D:1:      minmay_arrival_hallway, layout_loops_corners, basic_ecumenical_altar,
          minmay_unequal

Action                   || total
-------------------------++-------
 Cast: Shock             ||     4
Dodge: Dodged            ||     1

Table legend: (Time is in decaauts)
 A = Elapsed time spent in this place.
 B = Non-inter-level travel time spent in this place.
 C = Inter-level travel time spent in this place.
 D = Time resting spent in this place.
 E = Time spent auto-exploring this place.
 F = Levels seen in this place.
 G = Mean time per level.
                   A        B        C        D        E       F      G
               +--------+--------+--------+--------+--------+-----+--------+
         Total |     48 |     48 |      0 |      0 |     23 |   1 |   48.0 |
       Dungeon |     48 |     48 |      0 |      0 |     23 |   1 |   48.0 |
               +--------+--------+--------+--------+--------+-----+--------+

Top non-repeatable levels by time:
     D:1: 48 daAuts

Table legend:
 A = Kills in this place as a percentage of kills in entire the game.
 B = Kills by you in this place as a percentage of kills by you in the entire game.
 C = Kills by friends in this place as a percentage of kills by friends in the entire game.
 D = Other kills in this place as a percentage of other kills in the entire game.
 E = Experience gained in this place as a percentage of experience gained in the entire game.
 F = Experience gained in this place divided by the number of levels of this place that you have seen.
                   A       B       C       D       E      F
               +-------+-------+-------+-------+-------+----------------------
         Total | 100.0 | 100.0 |   N/A |   N/A | 100.0 |   2.0
       Dungeon | 100.0 | 100.0 |   N/A |   N/A | 100.0 |   2.0
               +-------+-------+-------+-------+-------+----------------------
